 Dungeon Crawl Stone Soup version 0.28-b1-25-g9875b3fc8c (webtiles) character file.

Game seed: 12610945366218459887

8055 mopl the Covert (level 11, -8/74 HPs)
             Began as a Green Draconian Enchanter on Feb 8, 2022.
             Was a Follower of Ashenzari.
             Mangled by a centaur (15 damage)
             ... on level 7 of the Dungeon.
             The game lasted 00:24:49 (7350 turns).

mopl the Covert (Green Draconian Enchanter)         Turns: 7350, Time: 00:24:50

Health: -8/74      AC:  9    Str: 12    XL:     11   Next: 4%
Magic:  19/23      EV: 11    Int: 19    God:    Ashenzari [*.....]
Gold:   192        SH:  6    Dex: 15    Spells: 15/26 levels left

rFire   + + .      SeeInvis +   a - +3 dagger (freeze)
rCold   + . .      Faith    .   K - +2 buckler of the Pits of Slime {rF+ Dex+4 SInv}
rNeg    . . .      Spirit   .   (armour unavailable)
rPois   +          Reflect  .   q - +1 hat "Malaise of Ashenzari" {Melee, Elem} (curse)
rElec   .          Harm     .   O - scarf {rC+ rF+}
rCorr   .          Rampage  .   A - +0 pair of gloves
Will    .....                   (no boots)
Stlth   ++++......              g - amulet of regeneration
HPRegen 1.02/turn               y - ring of flight
MPRegen 0.18/turn               G - ring "Bound Together" {Slay+4, Bglg, Evo} (curse)

@: flying
A: breathe noxious fumes, AC +7, unfitting armour, poison resistance,
cold-blooded
a: Breathe Noxious Fumes, Renounce Religion, Shatter the Chains


You were on level 7 of the Dungeon.
You worshipped Ashenzari.
Ashenzari was aware of your devotion.
You visited 2 branches of the dungeon, and saw 9 of its levels.

You collected 426 gold pieces.
You spent 234 gold pieces at shops.

Inventory:

Hand Weapons
 a - a +3 dagger of freezing (weapon)
 c - a +5 dagger
 F - a +0 war axe of flaming
 M - a +0 long sword of holy wrath
Missiles
 r - 4 atropa-tipped darts (quivered)
 B - 7 poisoned darts
 J - 3 boomerangs
 L - a curare-tipped dart
Armour
 q - the cursed +1 hat "Malaise of Ashenzari" (worn) {Melee, Elem}
   (You found it on level 3 of the Dungeon)

   It has a curse which improves the following skills: Melee Combat: Short
   Blades, Long Blades, Axes, Maces & Flails, Polearms, Staves and Unarmed
   Combat.
   Elements:  Fire Magic, Ice Magic, Air Magic and Earth Magic.
 A - a +0 pair of gloves (worn)
 K - the +2 buckler of the Pits of Slime (worn) {rF+ Dex+4 SInv}
   (You acquired it on level 7 of the Dungeon)

   Dex:       It affects your dexterity (+4).
   rF:        It protects you from fire.
   SInv:      It lets you see invisible.
 O - a scarf of resistance (worn)
Jewellery
 g - an amulet of regeneration (around neck)
 y - a ring of flight (left hand)
 G - the cursed ring "Bound Together" (right hand) {Slay+4, Bglg, Evo}
   (You found it on level 6 of the Dungeon)

   [ring of slaying]

   Slay:      It affects your accuracy & damage with ranged weapons and melee
   (+4).
   It has a curse which improves the following skills: Beguiling: Conjurations,
   Hexes and Translocations.
   Evocations: Evocations.
Scrolls
 e - 2 scrolls of enchant weapon
 j - a scroll of silence {!r}
 m - a scroll of fear
 o - a scroll of immolation
 p - a scroll of vulnerability
 t - a scroll of torment {!r}
 v - 3 scrolls of teleportation
 w - 2 scrolls of blinking
 x - a scroll of amnesia
 H - a scroll of fog
 N - a scroll of enchant armour
Potions
 b - a potion of invisibility
 d - 6 potions of might
 f - 4 potions of attraction
 h - 4 potions of curing
 k - a potion of mutation {!q}
 l - 2 potions of heal wounds
 n - 2 potions of cancellation
 s - 3 potions of magic
 z - a potion of haste
 D - a potion of ambrosia
 E - a potion of lignification {!q}
 I - a potion of flight
Miscellaneous
 P - a lightning rod (4/4)
 Q - a tin of tremorstones (1/2)


   Skills:
 + Level 0.1 Fighting
 + Level 6.2(7.0) Short Blades
 + Level 1.7 Dodging
 * Level 9.2 Stealth
 + Level 1.8 Shields
 + Level 8.3 Spellcasting
 - Level 2.6(3.3) Conjurations
 * Level 8.6(9.4) Hexes
 - Level 3.0(3.7) Ice Magic
 + Level 0.0(0.1) Evocations


You had 15 spell levels left.
You knew the following spells:

 Your Spells              Type           Power      Damage    Failure   Level
a - Dazzling Flash        Conj/Hex       64%        N/A       2%          3
b - Ensorcelled Hibernat  Hex/Ice        66%        N/A       1%          2
c - Confusing Touch       Hex            43%        N/A       1%          3
d - Tukima's Dance        Hex            43%        N/A       1%          3

Your spell library contained the following spells:

 Spells                   Type           Power      Damage    Failure   Level
 Portal Projectile        Hex/Tloc       52%        N/A       4%          3
 Leda's Liquefaction      Hex/Erth       13%        N/A       16%         4
 Sublimation of Blood     Necr           7%         N/A       17%         2
 Gell's Gravitas          Tloc           8%         N/A       32%         3
 Teleport Other           Tloc           8%         N/A       32%         3
 Call Canine Familiar     Summ           7%         N/A       34%         3
 Petrify                  Tmut/Erth      8%         N/A       75%         4
 Irradiate                Conj/Tmut      7%         3d15      85%         5
 Lee's Rapid Deconstruct  Erth           4%         3d6*      97%         5
 Dispersal                Tloc           4%         N/A       100%        6
 Statue Form              Tmut/Erth      5%         N/A       100%        6


Dungeon Overview and Level Annotations

Branches:
Dungeon (8/15)             Temple (1/1) D:6
   Lair: D:8-11

Altars:
Ashenzari
Cheibriados
Dithmenos
Elyvilon
Fedhas
Gozag
Hepliaklqana
Kikubaaqudgha
Makhleb
Nemelex Xobeh
Okawaru
Qazlal
Ru
Sif Muna
Trog
Uskayaw
Vehumet
Wu Jian
Xom
Yredelemnul
Zin
The Shining One

Shops:
D:2 !   D:3 !   D:6 !

Annotations:
D:4 3 runed translucent doors, sanka's ghost, amateur DETm
D:7 Duvessa


Innate Abilities, Weirdness & Mutations

You can breathe blasts of noxious fumes.
Your lurid green scales are hard. (AC +7)
You cannot fit into any form of body armour.
Your system is resistant to poisons. (rPois)
You are cold-blooded and may be slowed by cold attacks.


Message History

* * * LOW HITPOINT WARNING * * *
Okay, then.
Duvessa rages.
The bullfrog barely misses you.
You are no longer corroded.
The bullfrog hits you but does no damage.
Aiming: Paralyse
Press: ? - help, Shift-Dir - straight line, f/p - bullfrog
Aim: a bullfrog (severely wounded, chance to affect: 49%)
The bullfrog resists with some effort.
The bullfrog hits you.
* * * LOW HITPOINT WARNING * * *
The bullfrog hits you but does no damage.
Aiming: Paralyse
Press: ? - help, Shift-Dir - straight line, f/p - bullfrog
Aim: a bullfrog (severely wounded, chance to affect: 49%)
The bullfrog resists with some effort.
The now-empty wand crumbles to dust.
The bullfrog hits you but does no damage.
Unknown command.
You don't have any such object.
Evoke which item? (* to show all) (? for menu, Esc to quit)
Okay, then.
Unknown command.
The tremorstone explodes into fragments!
The burst of rock shards engulfs the centaur!!
The burst of rock shards engulfs the iguana!
The burst of rock shards engulfs Duvessa!
The burst of rock shards engulfs the bullfrog!!
You kill the bullfrog!
The burst of rock shards engulfs you!
* * * LOW HITPOINT WARNING * * *
Casting: Ensorcelled Hibernation (safe; 1% risk of failure)
Confirm with . or Enter, or press ? or * to list all spells.
Aiming: Ensorcelled Hibernation (safe; 1% risk of failure)
Press: ? - help, Shift-Dir - straight line, f - centaur
Aim: a centaur, wielding a +0 great mace and quivering arrows (severely wounded, chance to affect: 62%)
The centaur resists with significant effort.
The centaur closely misses you. The centaur kicks you.
* * * LOW HITPOINT WARNING * * *
The centaur hits you with a +0 great mace!
You die...

#..#.....##...#.###
...#.....######...####
#.......## ###.[..#
...#....# #####.#####
#..#....# #..><.....#
..##....###
#.........#
.##.......#
#)........#
##..#.....#
#.........#
#..##.....#
#@#########
#.........## ##c#
#.###......####le####
...........l........#
#....<....###.......#
#...................#
#..........#####.####
##........####...#
.##...###....#.###


You could see Duvessa (berserk), a centaur and an iguana.

Vanquished Creatures
  A boulder beetle (D:7)
  2 two-headed ogres
  A cyclops (D:7)
  A manticore (D:7)
  A rust devil (D:7)
  Maggie (D:6)
  A komodo dragon (D:7)
  A slime creature (D:8)
  Prince Ribbit (D:7)
  A wyvern (D:8)
  A steam dragon (D:6)
  Eustachio (D:5)
  Edmund (D:6)
  Menkaure (D:6)
  4 water moccasins
  2 acid dragons (D:7)
  3 sky beasts
  2 orc warriors
  A black bear (D:7)
  2 necrophages
  2 ogres (D:5)
  4 phantoms
  A kobold brigand (D:8)
  3 bullfrogs (D:7)
  2 wyvern zombies
  2 water moccasin zombies
  Dowan (D:7)
  2 water moccasin skeletons
  10 wights
  A bullfrog zombie (D:7)
  3 howler monkeys (D:7)
  A centaur zombie (D:8)
  A hound (D:6)
  A centaur skeleton (D:6)
  An orc priest (D:7)
  2 jellies (D:6)
  3 bullfrog skeletons
  A gnoll shaman (D:7)
  4 iguanas
  2 orc wizards
  A hound zombie (D:5)
  A howler monkey zombie (D:8)
  4 gnolls
  3 adders
  3 white imps (D:6)
  2 ufetubi
  An adder zombie (D:5)
  2 adder skeletons (D:4)
  2 worms
  14 orcs
  7 ball pythons
  3 bats
  7 endoplasms
  A giant cockroach (D:1)
  13 hobgoblins
  4 jackals (D:1)
  6 kobolds
  6 quokkas
  8 frilled lizards
  10 goblins
  6 rats
180 creatures vanquished.

Notes
Turn   | Place    | Note
-------+----------+-------------------------------------------
     0 | D:1      | mopl the Draconian Enchanter began the quest for the Orb.
     0 | D:1      | Reached XP level 1. HP: 14/14 MP: 3/3
    75 | D:1      | Reached XP level 2. HP: 11/20 MP: 5/5
   189 | D:1      | Reached skill level 3 in Stealth
   340 | D:1      | Learned a level 2 spell: Ensorcelled Hibernation
   465 | D:1      | You fall into a shaft and drop 1 floor!
   809 | D:1      | Reached skill level 3 in Hexes
   812 | D:1      | Reached XP level 3. HP: 16/26 MP: 1/6
  1157 | D:1      | Learned a level 3 spell: Confusing Touch
  1195 | D:2      | Found Jimemnitz's Distillery.
  1203 | D:2      | Bought a potion of curing for 36 gold pieces
  1559 | D:2      | Reached skill level 1 in Ice Magic
  1787 | D:3      | Reached XP level 4. HP: 33/33 MP: 0/7
  1857 | D:3      | Learned a level 3 spell: Tukima's Dance
  2358 | D:3      | Reached skill level 2 in Short Blades
  2358 | D:3      | Reached XP level 5. HP: 38/38 MP: 4/9
  2385 | D:3      | Found Usiwkol's Distillery.
  2393 | D:3      | Bought a potion of attraction for 33 gold pieces
  2544 | D:4      | Reached skill level 3 in Spellcasting
  2911 | D:4      | Found a runed translucent gate.
  2911 | D:4      | Found a runed translucent gate.
  2912 | D:4      | Found a runed translucent gate.
  2915 | D:4      | Noticed sanka's ghost (amateur DETm)
  2943 | D:4      | Noticed a phantom
  2994 | D:4      | Killed a phantom
  2995 | D:4      | Reached skill level 4 in Stealth
  2995 | D:4      | Reached XP level 6. HP: 24/45 MP: 6/10
  3112 | D:4      | Reached skill level 4 in Hexes
  3449 | D:5      | Entered Level 5 of the Dungeon
  3452 | D:5      | Noticed a sky beast
  3519 | D:5      | Reached skill level 2 in Ice Magic
  3586 | D:5      | Noticed Eustachio
  3605 | D:5      | Killed Eustachio
  3606 | D:5      | Your scales start taking on a lurid green colour.
  3606 | D:5      | Reached XP level 7. HP: 44/50 MP: 7/12
  3606 | D:5      | Gained mutation: Your system is resistant to poisons.
                  | (rPois) [Green Draconian growth]
  3647 | D:5      | Reached skill level 3 in Short Blades
  3647 | D:5      | Reached skill level 4 in Spellcasting
  3816 | D:5      | Reached skill level 5 in Stealth
  4024 | D:6      | Reached skill level 5 in Hexes
  4034 | D:6      | Reached XP level 8. HP: 45/57 MP: 14/14
  4082 | D:6      | Noticed Menkaure
  4104 | D:6      | Killed Menkaure
  4105 | D:6      | Reached skill level 3 in Ice Magic
  4149 | D:6      | Learned a level 3 spell: Dazzling Flash
  4181 | D:6      | Found Taniecs's Distillery.
  4188 | D:6      | Bought a potion of ambrosia for 88 gold pieces
  4188 | D:6      | Bought a potion of lignification for 33 gold pieces
  4205 | D:6      | Found a staircase to the Ecumenical Temple.
  4208 | D:6      | Noticed Maggie
  4254 | D:6      | Killed Maggie
  4255 | D:6      | Reached skill level 6 in Stealth
  4255 | D:6      | Reached skill level 5 in Spellcasting
  4255 | D:6      | Reached skill level 1 in Conjurations
  4256 | Temple   | Entered the Ecumenical Temple
  4513 | Temple   | Became a worshipper of Ashenzari the Shackled
  4589 | D:6      | Reached skill level 4 in Short Blades
  4769 | D:6      | Noticed Edmund
  4780 | D:6      | Killed Edmund
  4781 | D:6      | Reached skill level 6 in Hexes
  4912 | D:6      | Reached XP level 9. HP: 60/62 MP: 14/17
  4963 | D:6      | Reached skill level 2 in Conjurations
  5412 | D:3      | Bought a potion of might for 44 gold pieces
  5560 | D:7      | Reached skill level 6 in Spellcasting
  5688 | D:7      | Noticed a two-headed ogre
  5695 | D:7      | Noticed Dowan
  5858 | D:8      | Reached skill level 7 in Stealth
  5937 | D:8      | Noticed a two-headed ogre
  5946 | D:8      | Killed a two-headed ogre
  5947 | D:8      | Reached skill level 5 in Short Blades
  5947 | D:8      | Reached skill level 7 in Hexes
  6149 | D:8      | Reached skill level 7 in Spellcasting
  6159 | D:8      | Reached XP level 10. HP: 46/69 MP: 15/20
  6214 | D:7      | Reached skill level 8 in Stealth
  6221 | D:7      | Noticed a boulder beetle
  6221 | D:7      | Noticed Duvessa
  6410 | D:7      | Killed a two-headed ogre
  6457 | D:7      | Killed a boulder beetle
  6498 | D:7      | Noticed a cyclops
  6506 | D:7      | Reached * piety under Ashenzari
  6506 | D:7      | Identified a scroll of acquirement
  6513 | D:7      | Killed Dowan
  6524 | D:7      | Reached skill level 8 in Hexes
  6623 | D:7      | Acquired the +2 buckler of the Pits of Slime {rF+ Dex+4
                  | SInv}
  6676 | D:7      | Noticed a manticore
  6714 | D:7      | Killed a manticore
  6715 | D:7      | Reached skill level 8 in Spellcasting
  6724 | D:7      | Reached skill level 1 in Shields
  6756 | D:7      | Identified the +4 helmet of Protective Custody {MP-9 Str+5}
  6795 | D:7      | Reached skill level 6 in Short Blades
  6795 | D:7      | Reached skill level 9 in Stealth
  6809 | D:7      | Found a shadowy altar of Dithmenos.
  6940 | D:7      | HP: 2/65 [Duvessa (5)]
  7153 | D:7      | Killed a cyclops
  7205 | D:7      | Noticed Prince Ribbit
  7210 | D:7      | Killed Prince Ribbit
  7211 | D:7      | Reached XP level 11. HP: 74/74 MP: 21/23
  7350 | D:7      | Mangled by a centaur

Illustrated notes

Levels and vault maps discovered:
D:1:      minmay_arrival_cross, layout_basic
D:2:      layout_basic, serial_shops, shop
D:3:      layout_rooms, serial_shops, shop
D:4:      minmay_angry_zag, layout_loops_ring, gammafunk_ghost_necromancy,
          minmay_misc_feat_tiny
D:5:      layout_basic, uniq_eustachio
D:6:      cheibrodos_iron_armory, layout_basic, minmay_temple_entry_mini_moons,
          serial_shops, shop, dk_noncrumbling_3, minmay_splitting_lines,
          uniq_edmund, uniq_menkaure, uniq_maggie
D:7:      minmay_the_grid_octo_tiled_octocenter
          [minmay_the_grid_octo_tetromino_candy,
          minmay_the_grid_octo_thin_diamonds,
          minmay_the_grid_octo_checkerflower, minmay_the_grid_octo_chip,
          minmay_the_grid_octo_prize_square_snowflake,
          minmay_the_grid_square_5x5_percent,
          minmay_the_grid_square_5x5_doubleslash,
          minmay_the_grid_square_5x5_tie, minmay_the_grid_square_5x5_plus],
          layout_rooms, nicolae_dithmenos_the_darkroom, uniq_prince_ribbit1,
          uniq_duvessa
D:8:      layout_basic, st_stairs_10
Temple:   minmay_crystal_snake_temple

Skill      XL: |  1  2  3  4  5  6  7  8  9 10 |
---------------+-------------------------------+-----
Stealth        | 3 4 5 6 7 9 |  9.2
Hexes          | 3 4 5 6 7 8 |  8.6
Ice Magic      | 1 2 3 |  3.0
Short Blades   | 2 3 4 5 6 |  6.2
Spellcasting   | 3 4 5 7 8 |  8.3
Conjurations   | 1 2 |  2.6
Shields        | 1 |  1.8
Fighting       | |  0.1
Dodging        | |  1.7

Action                   |  1- 3 |  4- 6 |  7- 9 | 10-12 || total
-------------------------+-------+-------+-------+-------++-------
Melee: Dagger            |   173 |   229 |   318 |   147 ||   867
       Tailslap          |    20 |    40 |    65 |    31 ||   156
       Punch             |     3 |     2 |     7 |     1 ||    13
 Cast: Ensorcelled Hiber |    10 |    16 |    32 |    33 ||    91
       Confusing Touch   |       |     5 |     7 |     7 ||    19
       Tukima's Dance    |       |       |     6 |     1 ||     7
Invok: Curse Item        |       |       |     1 |     1 ||     2
 Abil: Breathe Noxious F |       |       |     8 |     3 ||    11
Evoke: Wand              |       |       |       |     6 ||     6
       Tin of tremorston |       |       |       |     1 ||     1
  Use: Potion            |       |       |     1 |       ||     1
       Scroll            |       |       |     2 |     4 ||     6
 Stab: Sleeping          |    10 |    15 |    21 |    15 ||    61
       Distracted        |     1 |       |       |       ||     1
       Confused          |       |     5 |    12 |     9 ||    26
       Invisible         |       |       |     4 |       ||     4
Armor: Skin              |    39 |    50 |   115 |    27 ||   231
Dodge: Dodged            |   105 |   128 |   246 |    57 ||   536
Block: Buckler           |       |       |       |    17 ||    17
